 Dungeon Crawl Stone Soup version 0.27-a0-899-ge2d0b17c59 (webtiles) character file.

Game seed: 998092106953063919

37130 spiderkeys the Unseen (level 14, -3/90 HPs)
             Began as a Kobold Hunter on Apr 6, 2021.
             Was an Initiate of Gozag.
             Slain by a six-headed hydra (14 damage)
             ... on level 4 of the Lair of Beasts.
             The game lasted 00:36:11 (19445 turns).

spiderkeys the Unseen (Kobold Hunter)              Turns: 19445, Time: 00:36:12

Health: -3/90      AC: 13    Str: 10    XL:     14   Next: 27%
Magic:  8/23       EV: 28    Int: 18    God:    Gozag
Gold:   3246       SH:  7    Dex: 25    Spells: 20/25 levels left

rFire    . . .     SeeInvis +   b - +2 rapier (vorpal)
rCold    . . .     Faith    .   M - +0 buckler
rNeg     . . .     Spirit   .   G - +2 steam dragon scales
rPois    .         Reflect  .   p - +1 hat {SInv}
rElec    .         Harm     .   y - +0 cloak
rCorr    .         Rampage  .   l - +2 pair of gloves
Will     +....                  A - +0 pair of boots
Stlth    +++++++++.             n - amulet of the acrobat
HPRegen  0.25/turn              B - ring "Goefodgh" {Contam Int+6 Dex+5 Stlth+}
MPRegen  0.18/turn              g - +4 ring of evasion

@: no status effects
A: small, no large weapons, nightstalker 3
a: Renounce Religion, Potion Petition, Call Merchant, Bribe Branch


You were on level 4 of the Lair of Beasts.
You worshipped Gozag.
Gozag was most pleased with you.
You visited 3 branches of the dungeon, and saw 16 of its levels.
You visited the Abyss 1 time.

You collected 3913 gold pieces.
You spent 634 gold pieces at shops.
You paid 33 gold pieces to Gozag.

Inventory:

Hand Weapons
 a - a +2 hand crossbow
 b - a +2 vorpal rapier (weapon)
Missiles
 d - 113 bolts
 o - 4 curare-tipped darts
 r - 41 poisoned darts (quivered)
Armour
 l - a +2 pair of gloves (worn)
 p - a +1 hat of see invisible (worn)
 v - a +2 helmet
 y - a +0 cloak (worn)
 z - a +2 ring mail of poison resistance
 A - a +0 pair of boots (worn)
 G - +2 steam dragon scales (worn)
 M - a +0 buckler (worn)
Jewellery
 g - a +4 ring of evasion (right hand)
 k - a ring of flight
 n - an amulet of the acrobat (around neck)
 B - a ring "Goefodgh" (left hand) {Contam Int+6 Dex+5 Stlth+}
   (You found it on level 6 of the Dungeon)

   [ring of intelligence]

   It affects your intelligence (+6).
   It affects your dexterity (+5).
   It causes magical contamination when unequipped.
   It makes you more stealthy.
Wands
 t - a wand of polymorph (4)
 w - a wand of mindburst (17)
 H - a wand of flame (56)
 J - a wand of iceblast (23)
 N - a wand of paralysis (3)
Scrolls
 m - 4 scrolls of teleportation
 E - 2 scrolls of vulnerability
 K - 2 scrolls of identify
 L - a scroll of enchant weapon
Potions
 c - 5 potions of flight
 e - a potion of magic
 f - 2 potions of ambrosia
 h - 7 potions of curing
 i - 2 potions of haste
 j - 7 potions of might
 q - 2 potions of berserk rage
 s - a potion of invisibility
 u - a potion of brilliance
 x - a potion of resistance
 C - a potion of lignification {unknown}
 D - 6 potions of heal wounds
 F - 2 potions of mutation {unknown}
 O - a potion of cancellation {unknown}
Miscellaneous
 I - a phial of floods


   Skills:
 - Level 11.2 Fighting
 - Level 14.1 Short Blades
 - Level 5.0 Crossbows
 * Level 10.6 Dodging
 - Level 15.4 Stealth
 - Level 4.0 Shields
 * Level 6.4 Spellcasting
 * Level 6.4 Hexes


You had 20 spell levels left.
You knew the following spells:

 Your Spells              Type           Power      Damage    Failure   Level
a - Confusing Touch       Hex            29%        N/A       2%          3
b - Ensorcelled Hibernat  Hex/Ice        34%        N/A       5%          2

Your spell library contained the following spells:

 Spells                   Type           Power      Damage    Failure   Level
 Corona                   Hex            32%        N/A       1%          1
 Slow                     Hex            29%        N/A       1%          2
 Tukima's Dance           Hex            29%        N/A       2%          3
 Dazzling Flash           Conj/Hex       34%        N/A       11%         3
 Animate Skeleton         Necr           10%        N/A       13%         1
 Apportation              Tloc           10%        N/A       13%         1
 Magic Dart               Conj           20%        1d4       13%         1
 Summon Small Mammal      Summ           20%        N/A       13%         1
 Blink                    Tloc           N/A        N/A       21%         2
 Call Imp                 Summ           5%         N/A       21%         2
 Conjure Flame            Conj/Fire      5%         6-21      36%         3
 Lesser Beckoning         Tloc           2%         N/A       36%         3
 Mephitic Cloud           Conj/Pois/Air  5%         N/A       36%         3
 Invisibility             Hex            29%        N/A       82%         6
 Alistair's Intoxication  Tmut/Pois      3%         N/A       98%         5


Dungeon Overview and Level Annotations

Branches:
Dungeon (10/15)            Temple (0/1) D:4            Lair (5/6) D:10
  Swamp (0/4) Lair:2        Snake (1/4) Lair:4          Orc (0/2) D:9
  Slime: Lair:5-6

Altars:
Elyvilon
Gozag
Hepliaklqana
Kikubaaqudgha
Makhleb
Okawaru
Qazlal
Ru
Trog
Uskayaw
Vehumet
Yredelemnul

Shops:
D:1 :   D:6 [

Annotations:
D:5 1 runed translucent door, sizableburger's ghost, weakling DEFi


Innate Abilities, Weirdness & Mutations

You are small and have problems with some larger weapons.
You are completely attuned to the shadows.


Message History

The six-headed hydra bites you! The six-headed hydra bites you.
The six-headed hydra completely misses you.
The six-headed hydra bites you! The elephant tramples you!
* * * LOW HITPOINT WARNING * * *
You hold your ground!
The elephant completely misses you.
You hit the six-headed hydra but do no damage.
The six-headed hydra bites you but does no damage.
The six-headed hydra completely misses you.
The six-headed hydra bites you but does no damage. x2
The six-headed hydra misses you.
The six-headed hydra closely misses you.
The elephant completely misses you. x2
You barely miss the six-headed hydra.
You hit the six-headed hydra but do no damage.
You block the six-headed hydra's attack.
The six-headed hydra bites you but does no damage.
The six-headed hydra misses you. The six-headed hydra barely misses you.
The six-headed hydra completely misses you.
You block the six-headed hydra's attack.
The elephant barely misses you. The elephant completely misses you.
You hit the six-headed hydra but do no damage.
You hit the six-headed hydra but do no damage.
The six-headed hydra completely misses you.
You block the six-headed hydra's attack. x2
The six-headed hydra misses you. The six-headed hydra barely misses you.
The six-headed hydra completely misses you.
You block the elephant's attack. The elephant completely misses you.
You hit the six-headed hydra but do no damage.
Your magical contamination has completely faded away.
You hit the six-headed hydra but do no damage.
The six-headed hydra appears confused.
The six-headed hydra bites you!
* * * LOW HITPOINT WARNING * * *
The six-headed hydra completely misses you.
The six-headed hydra bites you.
* * * LOW HITPOINT WARNING * * *
The six-headed hydra completely misses you.
You block the six-headed hydra's attack.
The six-headed hydra bites you!
You die...
Your body crumbles into a pile of gold.

♣≈≈≈P≈≈# #♣P≈≈≈≈♣# ♣P≈.≈≈.≈# ###
##......## ######.#
###########.#.....######
#...#.####..#...............#.#PP
>..............................P.
......##..##..#.....P.......#....
...............D@Y..............<
P##.#.#..##.#.P#...###.P.........
###..#.#...#....#.P##.#P.........
.................................
........##..PP#.P......#.#.#.#PP.
............P.P..................
...........##......#.##...P......
................P................
P............#..PP........P...#..


You could see a six-headed hydra (confused) and an elephant.

Vanquished Creatures
  Gastronok (D:9)
  The ghost of xnavy the Fighter, a journeyman HOSu of Beogh (Lair:4)
  Snorg (Lair:3)
  Erolcha (D:10)
  3 hydras (Lair:1)
  Erica (Lair:2)
  2 two-headed ogres
  Sonja (Lair:2)
  Nergalle (Lair:3)
  Pikel (D:9)
  A cyclops (D:7)
  A torpor snail (Lair:2)
  A gargoyle (D:10)
  5 cane toads
  Maggie (D:7)
  A rime drake (Lair:3)
  Psyche (D:10)
  2 komodo dragons
  A troll (D:9)
  A tyrant leech (Lair:2)
  Grinder (D:5)
  9 blink frogs
  A vampire (D:9)
  5 wyverns
  A wraith (D:10)
  21 yaks
  2 basilisks
  Grum (D:10)
  2 steam dragons
  2 vampire mosquitoes (D:10)
  A large abomination (Abyss:2)
  3 wargs (D:9)
  2 swamp worms (Lair:2)
  2 acid dragons
  8 water moccasins
  Duvessa (D:5)
  7 black bears
  3 orc warriors
  A sky beast (D:8)
  2 ogres
  14 wolves
  A necrophage (D:8)
  3 centaurs
  12 bullfrogs
  A kobold brigand (D:6)
  A gnoll sergeant (D:9)
  A wyvern zombie (D:9)
  2 scorpions (D:10)
  Dowan (D:5)
  5 killer bees (D:10)
  7 wights
  5 howler monkeys
  2 bullfrog zombies (D:6)
  3 centaur zombies
  4 hounds
  An orc priest (D:8)
  3 gnoll shamans
  Crazy Yiuf (D:5)
  2 bullfrog skeletons
  Terence (D:2)
  2 iguanas
  5 orc wizards
  6 hell rats (Lair:2)
  A hound zombie (D:5)
  3 hound skeletons
  5 adders
  16 gnolls
  A shadow imp (D:7)
  4 white imps
  2 adder skeletons
  A worm (D:5)
  27 orcs
  7 ball pythons
  5 bats
  4 endoplasms
  2 giant cockroaches
  11 goblins
  14 hobgoblins
  12 kobolds
  2 quokkas
  4 frilled lizards
  4 rats
311 creatures vanquished.

Vanquished Creatures (collateral kills)
  An orc (D:6)
1 creature vanquished.

Vanquished Creatures (others)
  A wizard (D:3)
  22 fungi
  37 plants
60 creatures vanquished.

Grand Total: 372 creatures vanquished

Notes
Turn   | Place    | Note
-------+----------+-------------------------------------------
     0 | D:1      | spiderkeys the Kobold Hunter began the quest for the Orb.
     0 | D:1      | Reached XP level 1. HP: 12/12 MP: 1/1
   311 | D:1      | Reached skill level 1 in Short Blades
   311 | D:1      | Reached skill level 2 in Stealth
   311 | D:1      | Reached XP level 2. HP: 10/17 MP: 2/2
   607 | D:1      | Found Jonutroe's Book Shop.
  1587 | D:2      | Found a basalt altar of Yredelemnul.
  1636 | D:2      | Found a faded altar of an unknown god.
  1674 | D:2      | Reached XP level 3. HP: 22/22 MP: 3/3
  2129 | D:2      | Noticed Terence
  2135 | D:2      | Killed Terence
  2136 | D:2      | Reached skill level 3 in Stealth
  2136 | D:2      | Reached XP level 4. HP: 27/27 MP: 4/4
  2545 | D:3      | Found a bloodstained altar of Trog.
  2548 | D:3      | Noticed a wizard
  2562 | D:3      | Killed a wizard
  3094 | D:3      | Found an opulent altar of Gozag.
  3111 | D:3      | Became a worshipper of Gozag Ym Sagoz the Greedy
  3328 | D:4      | Reached XP level 5. HP: 32/32 MP: 5/5
  3396 | D:4      | Found a hide-covered altar of Uskayaw.
  3430 | D:4      | Reached skill level 4 in Stealth
  3505 | D:4      | Noticed an ogre
  3915 | D:4      | Killed an ogre
  3916 | D:4      | Reached XP level 6. HP: 37/37 MP: 6/6
  3986 | D:4      | Reached skill level 5 in Stealth
  4265 | D:4      | Found a sacrificial altar of Ru.
  4272 | D:4      | Found a burning altar of Makhleb.
  4478 | D:4      | Found a stormy altar of Qazlal.
  4478 | D:4      | Noticed an air elemental
  4478 | D:4      | Noticed a water elemental
  4481 | D:4      | Noticed a fire elemental
  4535 | D:4      | Found a staircase to the Ecumenical Temple.
  4625 | D:4      | Identified a scroll of acquirement
  4625 | D:4      | Acquired 831 gold pieces
  4645 | D:5      | Entered Level 5 of the Dungeon
  4692 | D:5      | Noticed a black bear
  4711 | D:5      | Killed a black bear
  4712 | D:5      | Reached XP level 7. HP: 33/41 MP: 7/7
  4799 | D:5      | Noticed Duvessa
  4801 | D:5      | Noticed Dowan
  4802 | D:5      | Noticed a water moccasin
  4830 | D:5      | Reached skill level 5 in Short Blades
  4830 | D:5      | Reached skill level 6 in Stealth
  4925 | D:5      | Killed a water moccasin
  5194 | D:5      | Found a runed translucent door.
  5194 | D:5      | Noticed sizableburger's ghost (weakling DEFi)
  5196 | D:5      | Noticed a red ugly thing
  5231 | D:5      | Noticed Grinder
  5235 | D:5      | Killed Grinder
  5236 | D:5      | Reached skill level 7 in Stealth
  5236 | D:5      | Reached XP level 8. HP: 48/48 MP: 8/8
  5381 | D:5      | Found a basalt altar of Yredelemnul.
  5584 | D:5      | Found a runed translucent door.
  5945 | D:5      | Noticed Crazy Yiuf
  5950 | D:5      | Killed Crazy Yiuf
  5951 | D:5      | Reached skill level 5 in Dodging
  6324 | D:5      | HP: 1/48 [Duvessa/+1 vampiric short sword (6)]
  6325 | D:5      | Killed Duvessa
  6327 | D:5      | Killed Dowan
  6705 | D:6      | Reached skill level 8 in Stealth
  6789 | D:6      | Found Vumnump's Armour Shop.
  6794 | D:6      | Bought a +0 pair of boots for 49 gold pieces
  6869 | D:6      | Identified a ring "Goefodgh" {Contam Int+6 Dex+5 Stlth+}
  6974 | D:6      | Reached skill level 5 in Crossbows
  7299 | D:6      | Reached skill level 5 in Fighting
  7299 | D:6      | Reached XP level 9. HP: 46/54 MP: 9/9
  7543 | D:6      | Reached skill level 9 in Stealth
  8198 | D:7      | Noticed Maggie
  8627 | D:7      | Reached skill level 10 in Stealth
  8662 | D:7      | Noticed a cyclops
  8666 | D:7      | Killed a cyclops
  9297 | D:7      | Killed Maggie
  9298 | D:7      | Reached XP level 10. HP: 24/60 MP: 10/10
  9346 | D:7      | Reached skill level 11 in Stealth
  9670 | D:7      | Found an iron altar of Okawaru.
 10010 | D:8      | Reached skill level 10 in Short Blades
 11416 | D:9      | Reached skill level 1 in Shields
 11546 | D:9      | Noticed a two-headed ogre
 11572 | D:9      | Killed a two-headed ogre
 11573 | D:9      | Reached skill level 12 in Stealth
 11865 | D:9      | Noticed Gastronok
 11887 | D:9      | Killed Gastronok
 11888 | D:9      | Reached skill level 13 in Stealth
 11888 | D:9      | Reached XP level 11. HP: 40/66 MP: 11/11
 12092 | D:9      | Noticed Pikel
 12112 | D:9      | Killed Pikel
 12278 | D:9      | Found a staircase to the Orcish Mines.
 12355 | D:9      | Found a hazy altar of Hepliaklqana.
 12355 | D:9      | Found a white marble altar of Elyvilon.
 12779 | D:10     | Entered Level 10 of the Dungeon
 12953 | D:10     | Reached skill level 14 in Stealth
 12976 | D:10     | Noticed Grum
 13019 | D:10     | Killed Grum
 13179 | D:10     | Found a radiant altar of Vehumet.
 13281 | D:10     | Noticed Erolcha
 13283 | D:10     | Cast into level 2 of the Abyss (Erolcha)
 13317 | Abyss:2  | Noticed a great orb of eyes
 13329 | Abyss:2  | Noticed a starcursed mass
 13339 | Abyss:2  | Noticed a rakshasa
 13341 | Abyss:2  | Noticed a tentacled starspawn
 13370 | Abyss:2  | Noticed a large abomination
 13416 | D:10     | Escaped the Abyss
 13433 | D:10     | Killed Erolcha
 13434 | D:10     | Reached XP level 12. HP: 58/71 MP: 12/12
 13444 | D:10     | Noticed a two-headed ogre
 13445 | D:10     | Reached skill level 15 in Stealth
 13459 | D:10     | Killed a two-headed ogre
 13610 | D:10     | Found an ancient bone altar of Kikubaaqudgha.
 13741 | D:10     | Noticed Psyche
 13743 | D:10     | Killed Psyche
 14073 | D:10     | Found a staircase to the Lair.
 14121 | D:10     | Reached XP level 13. HP: 84/84 MP: 13/13
 14327 | D:1      | Bought a book of Minor Magic for 260 gold pieces
 14327 | D:1      | Bought a book of Maledictions for 325 gold pieces
 14331 | D:1      | Learned a level 3 spell: Confusing Touch
 14516 | Lair:1   | Entered Level 1 of the Lair of Beasts
 14575 | Lair:1   | Reached skill level 1 in Spellcasting
 14575 | Lair:1   | Reached skill level 1 in Hexes
 14719 | Lair:1   | Noticed an eight-headed hydra
 14731 | Lair:1   | Killed an eight-headed hydra
 14859 | Lair:1   | Noticed a six-headed hydra
 14884 | Lair:1   | Noticed a six-headed hydra
 14897 | Lair:1   | Killed a six-headed hydra
 15146 | Lair:1   | Noticed a seven-headed hydra
 15149 | Lair:1   | Killed a seven-headed hydra
 15847 | Lair:2   | Learned a level 2 spell: Ensorcelled Hibernation
 15874 | Lair:2   | Found a staircase to the Swamp.
 16707 | Lair:2   | Noticed Sonja
 16719 | Lair:2   | Killed Sonja
 16720 | Lair:2   | Reached skill level 5 in Hexes
 16860 | Lair:2   | Reached skill level 5 in Spellcasting
 16948 | Lair:2   | Noticed Erica
 16974 | Lair:2   | Killed Erica
 17060 | Lair:2   | Reached XP level 14. HP: 90/90 MP: 22/22
 17633 | Lair:3   | Reached skill level 10 in Dodging
 17683 | Lair:3   | Noticed Snorg
 17687 | Lair:3   | Killed Snorg
 17842 | Lair:3   | Noticed Nergalle
 17844 | Lair:3   | Killed Nergalle
 18360 | Lair:4   | Found a staircase to the Snake Pit.
 18693 | Lair:4   | You fall into a shaft and drop 1 floor!
 18820 | Lair:4   | Found a runed translucent door.
 19202 | Lair:4   | Noticed xnavy's ghost (journeyman HOSu)
 19335 | Lair:4   | Killed xnavy's ghost
 19378 | Snake:1  | Entered Level 1 of the Snake Pit
 19445 | Lair:4   | Slain by a six-headed hydra

Illustrated notes

Levels and vault maps discovered:
D:1:      dpeg_arrival_ternary, layout_basic, serial_shops, shop
D:2:      layout_loops_ring, basic_ecumenical_altar, basic_altar, uniq_terence
D:3:      layout_basic, trog_wizard, nicolae_overflow_crystal_walls,
          minmay_misc_feat_rows
D:4:      layout_rooms, nicolae_qazlal_style_of_elements,
          nicolae_uskayaw_murder_on_the_dancefloor,
          amethyst_overflow_temple_binary, temple_hall, minmay_fountain_box,
          hangedman_decor_riveting
D:5:      layout_loops_ring, kennysheep_mini_moat, ebering_ghost_inner_flame,
          uniq_crazy_yiuf_cottage, uniq_duvessa, uniq_grinder
D:6:      corexii_shack_village, layout_loops_ring, serial_shops,
          kennysheep_mini
D:7:      layout_basic, kennysheep_okawaru_gauntlet, uniq_maggie
D:8:      layout_loops_ring
D:9:      layout_small_grid, gammafunk_temple_overflow_wave,
          minmay_orc_entry_guard_dogs, uniq_pikel, uniq_gastronok
D:10:     layout_roguey, lemuel_round_altar, kiku_gazebo_pond_becter,
          grunt_lair_entry_orc_guard_hut, uniq_grum, uniq_psyche, uniq_erolcha
Lair:1:   layout_gridlike, nicolae_volcano_entry_s_turn
Lair:2:   layout_hall_layers, minmay_swamp_entry_worms, serial_bayou_pond_e,
          serial_bayou_shore_b, lemuel_fruit_tree, uniq_erica, uniq_sonja
Lair:3:   layout_cave_shapes, chequers_serial_rivers_large_b, uniq_nergalle,
          uniq_snorg
Lair:4:   layout_long_grid, dummy_snake_entry, hellmonk_ghost_happy_afterlife,
          serial_bayou_shore_b
Lair:5:   layout_misc_corridors
Snake:1:  layout_misc_corridors

Skill      XL: |  1  2  3  4  5  6  7  8  9 10 11 12 13 14 |
---------------+-------------------------------------------+-----
Short Blades   | 1 2 3 4 6 7 9 11 13 14 | 14.1
Stealth        | 2 3 4 5 7 8 10 13 14 15 | 15.4
Dodging        | 3 4 5 6 7 9 10 | 10.6
Fighting       | 3 4 5 6 11 | 11.2
Crossbows      | 5 |  5.0
Shields        | 3 4 |  4.0
Spellcasting   | 5 6 |  6.4
Hexes          | 5 6 |  6.4

Action                   |  1- 3 |  4- 6 |  7- 9 | 10-12 | 13-15 || total
-------------------------+-------+-------+-------+-------+-------++-------
Melee: Short sword       |    71 |    53 |   423 |   247 |       ||   794
       Dagger            |       |   104 |   115 |    21 |       ||   240
       Rapier            |       |       |       |   332 |   407 ||   739
 Fire: Hand crossbow     |     2 |     4 |    25 |     9 |       ||    40
Throw: Dart              |       |     2 |       |       |     2 ||     4
       Throwing net      |       |       |     1 |       |       ||     1
 Cast: Ensorcelled Hiber |       |       |       |       |    15 ||    15
       Confusing Touch   |       |       |       |       |     2 ||     2
  Use: Scroll            |     5 |     3 |     7 |    16 |     2 ||    33
       Potion            |       |       |     5 |     3 |       ||     8
 Stab: Sleeping          |    10 |    15 |    23 |    19 |    40 ||   107
       Distracted        |       |     3 |     3 |     8 |     3 ||    17
       Confused          |       |       |       |       |     2 ||     2
Armor: Leather armour    |    13 |    22 |    16 |       |       ||    51
       Ring mail         |       |       |    89 |     1 |       ||    90
       Steam dragon scal |       |       |       |    58 |    43 ||   101
Dodge: Dodged            |    50 |   140 |   411 |   383 |   314 ||  1298
Block: Buckler           |       |       |       |   103 |   119 ||   222

Table legend: (Time is in decaauts)
 A = Elapsed time spent in this place.
 B = Non-inter-level travel time spent in this place.
 C = Inter-level travel time spent in this place.
 D = Time resting spent in this place.
 E = Time spent auto-exploring this place.
 F = Levels seen in this place.
 G = Mean time per level.
                   A        B        C        D        E       F      G
               +--------+--------+--------+--------+--------+-----+--------+
         Total |  18879 |  17846 |   1033 |   1319 |  13569 |  17 | 1110.5 |
       Dungeon |  13983 |  13077 |    906 |   1319 |   9637 |  10 | 1398.3 |
          Lair |   4771 |   4644 |    127 |      0 |   3932 |   5 |  954.2 |
     Snake Pit |      1 |      1 |      0 |      0 |      0 |   1 |    1.0 |
         Abyss |    122 |    122 |      0 |      0 |      0 |   1 |  122.0 |
               +--------+--------+--------+--------+--------+-----+--------+

Top non-repeatable levels by time:
     D:5: 2176 daAuts
  Lair:2: 1736 daAuts
     D:7: 1724 daAuts
     D:8: 1539 daAuts
     D:1: 1514 daAuts
     D:3: 1424 daAuts
     D:9: 1339 daAuts
    D:10: 1224 daAuts
     D:6: 1196 daAuts
  Lair:1: 1191 daAuts
     D:4: 1126 daAuts
  Lair:4: 1065 daAuts
  Lair:3: 722 daAuts
     D:2: 718 daAuts
 Abyss:2: 122 daAuts
